Map: Ever Dream LE

Players

SortOf

  • Race: Zerg Zerg
  • League: Grandmaster
  • Spawn Location: 1:00

PtitDrogo - Winner!

  • Race: Protoss Protoss
  • League: Master
  • Spawn Location: 7:00

Event: DreamHack SC2 Masters 2020 Summer Europe

VOD

Have the link to the VOD?

Description

Time

  • Played on: July 8, 2020, 12:05 p.m.
  • Length: 8:05

All games in this series

Show
View Real Time Build Order
Export as new Build Order

SortOf Zerg 

Build Orders: Hatch First 

Get SALT Encoding   

  12  0:00  Drone  
  13  0:13  Overlord  
  13  0:17  Drone  
  14  0:32  Drone x2  
  16  0:46  Drone  
  17  0:53  Hatchery  
  17  0:54  Drone  
  17  0:58  Drone  
  18  1:08  Extractor  
  17  1:13  Spawning Pool  
  17  1:16  Drone  
  17  1:21  Drone  
  18  1:29  Drone  
  19  1:39  Overlord  
  19  1:52  Drone  
  20  2:00  Queen  
  22  2:03  Zergling x2  
  22  2:06  Queen  
  22  2:07  Zergling x2  
  26  2:10  Metabolic Boost  
  26  2:13  Drone  
  27  2:17  Drone  
  28  2:26  Drone  
  28  2:27  Drone  
  30  2:39  Hatchery  
  30  2:40  Drone  
  30  2:42  Zergling x2  
  31  2:46  Overlord  
  31  2:48  Drone  
  32  2:57  Drone  
  33  3:00  Queen  
  33  3:03  Drone  
  36  3:08  Drone  
  36  3:10  Drone  
  38  3:14  Overlord  
  38  3:16  Drone x2  
  38  3:18  Zergling x2  
  41  3:23  Drone  
  41  3:24  Queen  
  44  3:28  Overlord  
  44  3:32  Overlord  
  44  3:40  Drone  
  42  3:42  Drone  
  42  3:44  Drone  
  45  3:48  Drone x2  
  45  3:49  Queen  
  45  3:54  Drone x2  
  50  3:59  Roach Warren  
  50  4:00  Drone  
  50  4:04  Drone  
  50  4:05  Drone x2  
  53  4:12  Spine Crawler  
  53  4:13  Overlord  
  53  4:14  Zergling x2  
  53  4:17  Zergling x4  
  53  4:21  Zergling x6  
  58  4:25  Spore Crawler  
  58  4:26  Spore Crawler  
  58  4:27  Drone  
  58  4:29  Drone  
  57  4:32  Zergling x4  
  57  4:35  Zergling x4  
  61  4:44  Roach x2, Overlord  
  65  4:47  Roach x2  
  65  4:50  Roach  
  71  4:55  Roach  
  73  5:01  Overlord  
  73  5:02  Overlord  
  73  5:04  Roach x3  
  71  5:20  Roach x4  
  69  5:21  Overlord  
  67  5:28  Drone x2  
  67  5:32  Extractor  
  65  5:40  Overlord  
  65  5:41  Zergling x4  
  65  5:48  Drone x3  
  68  5:51  Drone  
  68  5:54  Drone  
  68  6:02  Drone  
  68  6:03  Drone x2  
  71  6:09  Drone x2  
  70  6:15  Drone  
  69  6:19  Spore Crawler  
  68  6:26  Spore Crawler  
  68  6:27  Spore Crawler  
  68  6:28  Drone  
  68  6:32  Drone x3  
  70  6:36  Drone x2  
  70  6:39  Drone  
  73  6:41  Drone x2  
  73  6:46  Roach x2  
  79  6:52  Ravager x2  
  79  6:53  Roach  
  83  6:58  Roach  
  83  6:59  Zergling x6  
  88  7:03  Overlord  
  88  7:05  Roach  
  90  7:10  Roach  
  92  7:17  Zergling x12  
  92  7:20  Zergling x2  
  95  7:24  Roach  
  95  7:28  Roach  
  98  7:32  Zergling x2  
  98  7:34  Zergling x4  
  90  7:37  Roach  
  90  7:44  Roach  
Show
View Real Time Build Order
Export as new Build Order

PtitDrogo Protoss - Winner!

Build Orders: 1 Gate Expand, Mass Adepts 

Get SALT Encoding   

  12  0:00  Probe  
  13  0:13  Pylon  
  13  0:17  Probe  
  14  0:26  Probe  
  14  0:34  Probe  
  15  0:36  Gateway  
  16  0:44  Probe  
  16  0:48  Assimilator  
  17  0:56  Probe  
  18  1:08  Probe  
  19  1:20  Probe  
  20  1:26  Nexus  
  20  1:35  Cybernetics Core  
  20  1:39  Probe  
  21  1:45  Assimilator  
  21  1:51  Probe  
  21  1:52  Pylon  
  22  2:02  Adept  
  22  2:03  Probe  
  23  2:12  Warp Gate  
  23  2:15  Probe  
  26  2:22  Adept  
  26  2:23  Twilight Council  
  26  2:27  Probe  
  27  2:35  Probe  
  29  2:39  Probe  
  29  2:43  Probe  
  32  2:51  Probe  
  32  2:52  Stalker  
  32  2:58  Robotics Facility  
  35  3:02  Resonating Glaives  
  35  3:04  Probe x2  
  37  3:09  Gateway  
  37  3:16  Probe x2  
  39  3:25  Gateway  
  39  3:28  Gateway  
  39  3:36  Warp Prism  
  39  3:38  Probe  
  40  3:42  Pylon  
  42  3:50  Probe x2  
  44  3:59  Pylon  
  44  4:01  Adept  
  46  4:03  Adept  
  46  4:04  Probe x2  
  50  4:13  Observer  
  50  4:16  Probe x2  
  53  4:22  Pylon  
  53  4:24  Adept x2  
  53  4:25  Adept x2  
  53  4:28  Pylon  
  61  4:37  Assimilator  
  61  4:46  Adept x3  
  61  4:47  Adept  
  61  4:50  Immortal, Probe  
  74  5:15  Adept x2  
  76  5:22  Gateway  
  76  5:25  Gateway  
  72  5:29  Gateway x2  
  72  5:33  Gateway  
  68  5:39  Immortal  
  68  5:46  Adept x4  
  76  5:58  Pylon  
  76  5:59  Pylon  
  72  6:15  Warp Prism  
  72  6:17  Adept x5  
  80  6:23  Adept  
  80  6:24  Adept  
  82  6:33  Adept x2  
  86  6:43  Pylon  
  86  6:45  Adept x4  
  94  6:53  Pylon  
  94  7:01  Adept  
  96  7:11  Adept x6  
  99  7:35  Adept x6  
Tags
 
Add a new tag
Caveats
  • Supply blocks, unpowered buildings, or Contaminate may cause inaccurate times.
  • Supply counts are checked every 10 seconds.